 Dungeon Crawl Stone Soup version 0.31-a0-700-gf13585253f (webtiles) character file.

Game seed: 7933119505578672433

1187 qw the Skirmisher (level 8, 0/49 HPs)
             Began as a Gargoyle Hunter on Sept 7, 2023.
             Was a Follower of Okawaru.
             Killed from afar by Dowan (10 damage)
             ... with a puff of frost
             ... on level 6 of the Dungeon.
             The game lasted 00:02:09 (4799 turns).

qw the Skirmisher (Gargoyle Hunter)                 Turns: 4799, Time: 00:02:10

Health: 0/49       AC: 13    Str: 15    XL:     8   Next: 43%
Magic:  9/10       EV: 14    Int: 10    God:    Okawaru [*.....]
Gold:   281        SH:  0    Dex: 15    Spells: 7/7 levels left

rFire   . . .        Y - +0 shortbow
rCold   . . .        (shield currently unavailable)
rNeg    + . .        j - +0 ring mail
rPois   inf          e - +0 helmet
rElec   +            (no cloak)
rCorr   .            (no gloves)
SInv    +            (no boots)
Will    .....        (no amulet)
Stlth   +            g - ring of see invisible
HPRegen 0.28/turn    h - +4 ring of slaying {mikee}
MPRegen 0.12/turn

%: no passive effects
@: lit by a corona, about to teleport, heroic, glowing
A: sickness immunity, AC +5, negative energy resistance 1, electricity
resistance, torment resistance 1, petrification resistance
a: Renounce Religion, Heroism


You were on level 6 of the Dungeon.
You worshipped Okawaru.
Okawaru was aware of your devotion.
You visited 2 branches of the dungeon, and saw 7 of its levels.

You collected 348 gold pieces.
You spent 67 gold pieces at shops.


Innate Abilities, Weirdness & Mutations

You are immune to sickness and miasma.
Your stone body is resilient. (AC +5)
You are immune to poison.
You resist negative energy. (rN+)
You are resistant to electric shocks. (rElec)
You are resistant to unholy torment.
You are immune to petrification.


   Skills:
 - Level 5.0(10.0) Fighting
 + Level 8.5(13.5) Ranged Weapons
 - Level 2.0(7.0) Armour
 - Level 2.3(7.3) Dodging
 - Level 1.1(6.1) Stealth
 + Level 3.7 Invocations


You had 7 spell levels left.
You didn't know any spells.
Your spell library was empty.

Inventory:

Hand Weapons
 Y - a +0 shortbow (weapon)
Armour
 c - the scarf of Ywkathro {shadows, -Tele rF+ rN+}
   (You acquired it on level 4 of the Dungeon)

   rF+:       It protects you from fire.
   rN+:       It protects you from negative energy.
   -Tele:     It prevents most forms of teleportation.
 e - a +0 helmet (worn)
 j - a +0 ring mail (worn)
Jewellery
 g - a ring of see invisible (left hand)
 h - a +4 ring of slaying (right hand) {mikee}
Scrolls
 a - 3 scrolls of identify
 b - 3 scrolls of teleportation
Potions
 f - 3 potions of curing

Dungeon Overview and Level Annotations

Branches:
Dungeon (6/15)             Temple (1/1) D:4

Altars:
Ashenzari
Cheibriados
Dithmenos
Elyvilon
Fedhas
Gozag
Hepliaklqana
Makhleb
Nemelex Xobeh
Okawaru
Qazlal
Ru
Sif Muna
Trog
Uskayaw
Vehumet
Xom
Yredelemnul
Zin
The Shining One

Shops:
D:2 !   D:3 ?   D:4 =   D:5 =

Annotations:
D:2 1 runed translucent door, Crazy Yiuf
D:6 Dowan, Duvessa


Message History

Duvessa hits you but does no damage. Dowan casts a spell at you.
You are outlined in light.
You shoot an arrow.
The arrow hits Duvessa but does no damage.
Duvessa is moderately wounded.
Duvessa hits you with a +1 short sword of draining!
Dowan gestures at you while chanting. The puff of frost hits you.
You shoot an arrow. The arrow hits Duvessa!
Duvessa is heavily wounded.
Duvessa closely misses you. Dowan completely misses you.
You shoot an arrow.
The arrow hits Duvessa but does no damage.
Duvessa is heavily wounded.
You shoot an arrow. The arrow hits Duvessa.
Duvessa is severely wounded.
Duvessa hits you but does no damage. Dowan hits you but does no damage.
You shoot an arrow. The arrow hits Duvessa!
Duvessa is almost dead.
Duvessa hits you with a +1 short sword of draining.
Dowan points at you and mumbles some strange words.
The puff of flame misses you.
You shoot an arrow.
The arrow hits Duvessa but does no damage.
Duvessa is almost dead.
Duvessa hits you but does no damage.
Dowan hits you with a +2 dagger of venom.
You shoot an arrow. The arrow hits Duvessa.
Duvessa is almost dead.
Duvessa hits you with a +1 short sword of draining!
Dowan points at you and mumbles some strange words.
The puff of flame hits you.
4799 ||| READING 4 scrolls of teleportation.
As you read the scroll of teleportation, it crumbles to dust.
You feel strangely unstable. Duvessa hits you but does no damage.
Dowan points at you and mumbles some strange words.
The puff of frost hits you!
You die...

# #################
#...............)
#.############### #.# #(...<...
#.# #.####... #.# #.#..'...
..##.#+#'#### #.#.##...
...........e@....# #.#.##...
.......##...e....####.#.##...
.......+#[.......+#.#.#.#.#.#
......#.#.......#.#.#.....##
.##.....#.........#.#.#..<#.#
.........#.......#.#.#+...+##
.........>#:#.#'#.#.#.#...#.#
.........#.#.#.#+#.#.#.....##
...######.#.#.#.......#......'.


You could see Duvessa and Dowan.

Vanquished Creatures
  Eustachio (D:5)
  A water moccasin (D:6)
  2 ice beasts (D:5)
  An ogre (D:4)
  A black bear (D:5)
  2 scorpions
  A bullfrog (D:6)
  A howler monkey (D:6)
  2 hounds
  An iguana (D:5)
  Natasha (thrice) (D:2)
  3 gnolls (D:4)
  7 adders
  2 shadow imps
  A worm (D:3)
  3 dart slugs
  10 orcs
  8 ball pythons
  7 endoplasms
  5 giant cockroaches
  10 goblins
  9 hobgoblins
  3 jackals
  5 kobolds
  4 quokkas
  9 bats
  2 frilled lizards
  6 rats
110 creatures vanquished.

Notes
Turn   | Place    | Note
-------+----------+-------------------------------------------
     0 | D:1      | qw the Gargoyle Hunter began the quest for the Orb.
     0 | D:1      | Reached XP level 1. HP: 12/12 MP: 1/1
     0 | D:1      | 0 ||| qw: Version: 0.3-a-76-g4403597
     0 | D:1      | 0 ||| qw: Game counter: 580
     0 | D:1      | 0 ||| qw: Melee chars always use a shield: true
     0 | D:1      | 0 ||| qw: God list: Okawaru
     0 | D:1      | 0 ||| qw: Allow faded altars: false
     0 | D:1      | 0 ||| qw: Do Orc after clearing Dungeon:15 true
     0 | D:1      | 0 ||| qw: Do second Lair branch before Depths: true
     0 | D:1      | 0 ||| qw: Lair rune preference: random
     0 | D:1      | 0 ||| qw: Goals: Normal
     0 | D:1      | 0 ||| PLANNING D:1-11
    66 | D:1      | Reached XP level 2. HP: 17/17 MP: 2/2
   293 | D:1      | Reached XP level 3. HP: 21/21 MP: 3/3
   371 | D:1      | Reached skill level 5 in Ranged Weapons
   766 | D:1      | 766 ||| UPGRADING to +0 ring mail.
   776 | D:1      | 776 ||| DROPPING +0 leather armour.
   777 | D:1      | 777 ||| UPGRADING to ring of see invisible.
   778 | D:1      | 778 ||| READING scroll labelled NOALAF XAREYS.
   779 | D:1      | 779 ||| READING scroll labelled UDEWAJ ZUMUPLAMN.
   780 | D:1      | 780 ||| READING scroll labelled GUWEEM OSEDON.
   781 | D:1      | 781 ||| READING scroll labelled BOPRIE GENN.
   784 | D:1      | 784 ||| DROPPING scroll of butterflies.
   826 | D:2      | Found a burning altar of Makhleb.
   903 | D:2      | Noticed Natasha
   913 | D:2      | Killed Natasha
   914 | D:2      | Reached XP level 4. HP: 24/27 MP: 4/4
   914 | D:2      | 914 ||| FLEEEEING.
   939 | D:2      | Found Massijyu's Distillery.
   945 | D:2      | 945 ||| SHOPLISTING potion of cancellation (104 gold, have
                  | 60).
   945 | D:2      | 945 ||| BUYING potion of curing (39 gold).
   945 | D:2      | Bought a potion of curing for 39 gold pieces
   945 | D:2      | 945 ||| SHOPLISTING potion of curing (39 gold, have 21).
   945 | D:2      | 945 ||| SHOPLISTING potion of enlightenment (65 gold, have
                  | 21).
   945 | D:2      | 945 ||| SHOPLISTING potion of might (52 gold, have 21).
   945 | D:2      | 945 ||| SHOPLISTING potion of resistance (130 gold, have
                  | 21).
   989 | D:2      | Noticed Natasha
   992 | D:2      | Killed Natasha
   993 | D:2      | Reached skill level 3 in Fighting
  1005 | D:2      | Noticed Natasha
  1012 | D:2      | 1012 ||| Stepping ~*~*~tactically~*~*~ (retreating).
  1013 | D:2      | 1013 ||| Stepping ~*~*~tactically~*~*~ (retreating).
  1014 | D:2      | 1014 ||| Stepping ~*~*~tactically~*~*~ (retreating).
  1016 | D:2      | 1016 ||| Stepping ~*~*~tactically~*~*~ (retreating).
  1021 | D:2      | 1021 ||| Stepping ~*~*~tactically~*~*~ (retreating).
  1021 | D:2      | HP: 5/28 [Natasha (6)]
  1022 | D:2      | 1022 ||| Stepping ~*~*~tactically~*~*~ (retreating).
  1023 | D:2      | 1023 ||| Stepping ~*~*~tactically~*~*~ (retreating).
  1024 | D:2      | 1024 ||| Stepping ~*~*~tactically~*~*~ (retreating).
  1025 | D:2      | 1025 ||| Stepping ~*~*~tactically~*~*~ (retreating).
  1026 | D:2      | Killed Natasha
  1027 | D:2      | Reached XP level 5. HP: 6/32 MP: 5/5
  1284 | D:2      | Found a runed translucent door.
  1285 | D:2      | Noticed Crazy Yiuf
  1534 | D:2      | 1534 ||| UPGRADING to +0 helmet.
  1539 | D:2      | 1539 ||| READING scroll labelled RYJEOPP YWIFO.
  1540 | D:2      | 1540 ||| READING scroll labelled ZALASAA ZI VUA.
  1541 | D:2      | 1541 ||| READING scroll labelled REOBEUWABB.
  1623 | D:3      | Found Yhemutut's Magic Scroll Shop.
  1636 | D:3      | 1636 ||| BUYING scroll of identify (28 gold).
  1636 | D:3      | Bought a scroll of identify for 28 gold pieces
  1636 | D:3      | 1636 ||| SHOPLISTING scroll of identify (28 gold, have 24).
  1636 | D:3      | 1636 ||| SHOPLISTING scroll of teleportation (42 gold, have
                  | 24).
  1810 | D:3      | Reached skill level 6 in Ranged Weapons
  1906 | D:3      | Found a faded altar of an unknown god.
  2114 | D:3      | 2114 ||| READING scroll labelled VEAWKE YT FOE.
  2115 | D:3      | 2115 ||| READING scroll labelled WAANOXTOUPTU.
  2216 | D:3      | 2216 ||| READING 2 scrolls of identify.
  2216 | D:3      | 2216 ||| IDENTIFYING amethyst potion
  2217 | D:3      | 2217 ||| DROPPING potion of degeneration.
  2250 | D:4      | Reached XP level 6. HP: 38/38 MP: 6/6
  2290 | D:4      | 2290 ||| Stepping ~*~*~tactically~*~*~ (outnumbered).
  2292 | D:4      | 2292 ||| Stepping ~*~*~tactically~*~*~ (outnumbered).
  2294 | D:4      | 2294 ||| Stepping ~*~*~tactically~*~*~ (outnumbered).
  2318 | D:4      | 2318 ||| FLEEEEING.
  2466 | D:4      | Found Dani's Jewellery Shop.
  2469 | D:4      | 2469 ||| SHOPLISTING +4 ring of protection (360 gold, have
                  | 84).
  2469 | D:4      | 2469 ||| SHOPLISTING +4 ring of slaying (780 gold, have
                  | 84).
  2469 | D:4      | 2469 ||| SHOPLISTING +6 ring of dexterity (360 gold, have
                  | 84).
  2469 | D:4      | 2469 ||| SHOPLISTING amulet of Incredulity {Faith rElec
                  | MP+9 Str+5 Stlth-} (820 gold, have 84).
  2469 | D:4      | 2469 ||| SHOPLISTING ring of protection from fire (250
                  | gold, have 84).
  2539 | D:4      | Found a staircase to the Ecumenical Temple.
  2540 | D:4      | 2540 ||| PLANNING TEMPLE
  2554 | Temple   | Found a transporter.
  2554 | Temple   | Found a transporter.
  2554 | Temple   | Found a transporter.
  2554 | Temple   | Found a transporter.
  2554 | Temple   | Entered the Ecumenical Temple
  2555 | Temple   | 2555 ||| PLANNING D:1-11
  2563 | Temple   | 2563 ||| PLANNING OKAWARU WORSHIP
  2569 | Temple   | Became a worshipper of Warmaster Okawaru
  2570 | Temple   | 2570 ||| PLANNING D:1-11
  2621 | D:4      | Reached skill level 7 in Ranged Weapons
  2676 | D:4      | Reached XP level 7. HP: 43/43 MP: 7/7
  3041 | D:4      | 3041 ||| DROPPING ring of flight.
  3042 | D:4      | 3042 ||| READING scroll labelled UZXIONU OXEEKH.
  3042 | D:4      | Identified a scroll of acquirement
  3042 | D:4      | 3042 ||| ACQUIRING scarf of Ywkathro {shadows, -Tele rF+
                  | rN+}
  3042 | D:4      | Acquired the scarf of Ywkathro {shadows, -Tele rF+ rN+}
  3044 | D:4      | 3044 ||| READING 2 scrolls of identify.
  3044 | D:4      | 3044 ||| IDENTIFYING viscous inky potion
  3045 | D:4      | 3045 ||| DROPPING potion of brilliance.
  3075 | D:5      | Entered Level 5 of the Dungeon
  3094 | D:5      | Found Fifemeysch's Jewellery Shop.
  3271 | D:5      | Noticed Eustachio
  3272 | D:5      | 3272 ||| RETREATING.
  3273 | D:5      | 3273 ||| Stepping ~*~*~tactically~*~*~ (retreating).
  3381 | D:5      | 3381 ||| SHOPLISTING +4 ring of protection (396 gold, have
                  | 137).
  3381 | D:5      | 3381 ||| SHOPLISTING amulet of the acrobat (330 gold, have
                  | 137).
  3381 | D:5      | 3381 ||| SHOPLISTING ring of protection from cold (275
                  | gold, have 137).
  3434 | D:5      | Killed Eustachio
  3434 | D:5      | Reached * piety under Okawaru
  3435 | D:5      | Reached skill level 8 in Ranged Weapons
  3581 | D:5      | Reached skill level 1 in Invocations
  3935 | D:5      | 3935 ||| INVOKING Heroism.
  3938 | D:5      | Reached XP level 8. HP: 34/48 MP: 5/9
  4013 | D:5      | Found an opulent altar of Gozag.
  4196 | D:5      | 4196 ||| INVOKING Heroism.
  4385 | D:5      | 4385 ||| DROPPING scarf of harm.
  4386 | D:5      | 4386 ||| UPGRADING to +4 ring of slaying {mikee}.
  4387 | D:5      | 4387 ||| READING scroll labelled TIFEHYB BEYGED.
  4490 | D:6      | Reached skill level 3 in Invocations
  4780 | D:6      | Noticed Dowan
  4781 | D:6      | 4781 ||| INVOKING Heroism.
  4784 | D:6      | Noticed Duvessa
  4798 | D:6      | HP: 10/49 [Dowan/puff of flame (4)]
  4799 | D:6      | 4799 ||| READING 4 scrolls of teleportation.
  4799 | D:6      | Killed from afar by Dowan

Levels and vault maps discovered:
D:1:      dpeg_arrival_rooms_b, layout_loops_ring
D:2:      layout_loops_ring, basic_altar, serial_shops, shop, minmay_vboxes,
          uniq_crazy_yiuf_cottage, uniq_natasha
D:3:      layout_basic, serial_shops, shop,
          shapermc_ecumenical_altar_starsandcircs
D:4:      layout_loops_ring, minmay_temple_entry_mist, serial_shops,
          nicolae_shop_behind_doors
D:5:      nicolae_cairo_tiling_very_big, layout_loops_corners,
          mainiacjoe_overflow_24_doors, serial_shops, shop_statue,
          lemuel_flamethrower_2, uniq_eustachio
D:6:      layout_basic, minmay_misc_feat_plants, uniq_duvessa
Temple:   hellmonk_temple_divided_pantheon

Skill      XL: |  1  2  3  4  5  6  7  8 |
---------------+-------------------------+-----
Ranged Weapons | 5 6 7 8 |  8.5
Armour         | 2 |  2.0
Fighting       | 3 4 5 |  5.0
Invocations    | 2 3 |  3.7
Dodging        | 2 |  2.3
Stealth        | |  1.1

Action                     |  1- 3 |  4- 6 |  7- 9 || total
---------------------------+-------+-------+-------++-------
   Fire: Shortbow          |   104 |   225 |   183 ||   512
 Invoke: Heroism           |       |       |     3 ||     3
    Use: Scroll            |     4 |     6 |     4 ||    14
 Armour: Leather armour    |    15 |       |       ||    15
         Ring mail         |    11 |    87 |   110 ||   208
  Dodge: Dodged            |    24 |    96 |    83 ||   203

Table legend:
 A = Non-vault XP
 B = Vault XP
 C = Vault XP percentage of total XP
 D = Non-vault monster count
 E = Vault monster count
 F = Vault count percentage of total count
                 A         B        C        D         E       F
            +---------+---------+-------+---------+---------+-------
      Total |    1473 |     223 |  13.1 |     104 |       6 |   5.5
            +---------+---------+-------+---------+---------+-------
        D:1 |      52 |       0 |   0.0 |      30 |       0 |   0.0
        D:2 |      94 |      41 |  30.4 |      12 |       5 |  29.4
        D:3 |     114 |       0 |   0.0 |      25 |       0 |   0.0
        D:4 |     343 |       0 |   0.0 |      24 |       0 |   0.0
        D:5 |     565 |     182 |  24.4 |       8 |       1 |  11.1
        D:6 |     305 |       0 |   0.0 |       5 |       0 |   0.0
            +---------+---------+-------+---------+---------+-------
